Cogmind - Beta 13 @@@ ROGUE MODE // 2024.04.13 @ 17:51:25 Player: JackZewap Result: Destroyed by as-60662 with Assembled Heavy Rifle Performance ------------- Evolutions (0) 0 Regions Visited (3) 600 Robots Destroyed (20) 100 Value Destroyed (449) 449 Prototype IDs (5) 100 Alien Tech Used (0) 0 Bonus (47) 47 TOTAL SCORE: 1296 Bonus ------- Follower Combat Kills 60 Friendly Fire -13 Cogmind --------- Core Integrity 0/250 Matter 286/300 Energy 100/100 System Corruption 9% Temperature Cool (0) Movement Core (250) Ox4 Location -10/Exiles Parts ------- > --- POWER (1) -------- (None) > --- PROPULSION (2) --- (None) > --- UTILITY (2) ------ Medium Storage Unit Structural Scanner > --- WEAPON (2) ------- Light Assault Rifle Light Assault Rifle > --- INVENTORY (10) --- Wheel Wheel Wheel Compact Wheel Huge Storage Unit Experimental Sensor Array Light Assault Rifle Light Assault Rifle Peak State ------------ > --- POWER ------------ Light Nuclear Core > --- PROPULSION ------- Light Treads Compact Wheel > --- UTILITY ---------- Medium Storage Unit Experimental Sensor Array > --- WEAPON ----------- Light Assault Rifle Light Assault Rifle > --- INVENTORY -------- Light Treads Wheel Wheel Wheel Compact Wheel Huge Storage Unit Structural Scanner Sensor Array Light Assault Rifle Light Assault Rifle [Rating: 18] Favorites ----------- Power Light Nuclear Core Engine Light Ion Engine Power Core Light Nuclear Core Propulsion Light Treads Treads Light Treads Wheel Compact Wheel Utility Small Storage Unit Device Experimental Sensor Array Storage Small Storage Unit Processor Visual Processing Unit Weapon Light Assault Rifle Ballistic Gun Light Assault Rifle Build | -11 -10 -10 -10 ------- Run | Yrd Mat Min Exi Slots Evolved . | . . . . Power . | . . . . Propulsion . | . . . . Utility . | . . . . Weapon . | . . . . Parts Attached 22 | 8 9 3 2 Power 2 | 1 1 . . Engine 1 | 1 . . . Core 1 | . 1 . . Reactor . | . . . . Propulsion 8 | 4 3 . 1 Treads 3 | 2 . . 1 Leg . | . . . . Wheel 5 | 2 3 . . Hover . | . . . . Flight . | . . . . Utility 8 | 1 3 3 1 Device 5 | . 1 3 1 Storage 2 | 1 1 . . Processor 1 | . 1 . . Hackware . | . . . . Protection . | . . . . Artifact . | . . . . Weapon 4 | 2 2 . . Energy Gun . | . . . . Energy Cannon . | . . . . Ballistic Gun 4 | 2 2 . . Ballistic Cannon . | . . . . Launcher . | . . . . Special Weapon . | . . . . Impact Weapon . | . . . . Slashing Weapon . | . . . . Piercing Weapon . | . . . . Special Melee Weapon . | . . . . Unidentified Prototypes 1 | . . 1 . Parts Lost 5 | . 1 . 4 Power 2 | . 1 . 1 Propulsion 3 | . . . 3 Utility . | . . . . Weapon . | . . . . Highest Loss Streak 4 | . 1 . 4 To Critical Strikes . | . . . . Average Slot Usage (%) 98 | . 98 98 94 Engine 5 | . 7 . . Core 7 | . 6 14 12 Treads 19 | . 20 14 12 Wheel 8 | . 7 14 12 Device 3 | . . 12 14 Storage 14 | . 14 14 14 Processor 9 | . 12 . . Ballistic Gun 28 | . 28 28 28 Naked Turns . | . . . . Heaviest Build 18 | 10 18 18 18 Greatest Support 40 | 40 40 16 16 Greatest Overweight (x) 3 | 3 1 1 1 Average Overweight (x) . | . . 1 1 Largest Inventory Capacity 10 | 8 10 10 10 Average Capacity 8 | 7 8 10 10 Most Carried 10 | 2 9 10 9 Average Carried 6 | . 5 9 8 Final Capacity 10 | 8 10 10 10 Final Carried 9 | 2 9 9 8 Class Distribution -------------------- 100% | Mutant Dominant Class ---------------- Mutant | -10/Materials Mutant | -10/Mines Mutant | -10/Exiles Resources | -11 -10 -10 -10 ----------- Run | Yrd Mat Min Exi Matter Collected 538 | 209 292 37 . Remotely . | . . . . Salvage Created 657 | . 657 . . Parts 45 | . 45 . . Haulers Intercepted 2 | . 2 . . Recyclers Shooed 1 | . 1 . . Parts Field Recycled . | . . . . Retrieved Matter . | . . . . Parts Self-Destructed . | . . . . Prevented . | . . . . Kills | -11 -10 -10 -10 ------- Run | Yrd Mat Min Exi Combat Hostiles Destroyed 16 | . 16 . . Guns 16 | . 16 . . Classes Destroyed 4 | . 4 . . Hauler 2 | . 2 . . Watcher 2 | . 2 . . Swarmer 6 | . 6 . . Grunt 10 | . 10 . . Best Kill Streak 5 | . 5 . . Combat Bots Only 5 | . 5 . . Max Kills in Single Turn 2 | . 2 . . Gunslinging 1 | . 1 . . Exploded . | . . . . Melee . | . . . . Uniques/NPCs Destroyed . | . . . . Combat | -11 -10 -10 -10 -------- Run | Yrd Mat Min Exi Hostile Shots Fired 94 | . 65 6 23 Missed 23 | . 14 2 7 Damage Taken 873 | . 534 56 283 Core 261 | . 120 29 112 Absorbed by Shields . | . . . . Core Remaining (%) 100 | 100 . . . Volleys Fired 78 | . 72 4 2 Largest 2 | . 2 2 2 Hottest 40 | . 40 40 40 Shots Fired 156 | . 144 8 4 Gun 156 | . 144 8 4 Cannon . | . . . . Launcher . | . . . . Special . | . . . . Kinetic 156 | . 144 8 4 Thermal . | . . . . Explosive . | . . . . Electromagnetic . | . . . . Robot Hit Streak 9 | . 9 4 6 Robot Miss Streak 5 | . 5 1 2 Penetration Max . | . . . . Secondary Targets 2 | . 2 . . Max Gunslinging Chain 1 | . 1 . . Shots Hit Robots 103 | . 95 6 2 Core Hits 51 | . 45 3 3 Critical Kills . | . . . . Critical Parts Destroyed . | . . . . Critical Strikes . | . . . . Melee Attacks . | . . . . Impact . | . . . . Slashing . | . . . . Piercing . | . . . . Sneak Attacks . | . . . . Combat Hostiles . | . . . . Follow-up Attacks . | . . . . Damage Inflicted 858 | . 787 50 21 Guns 855 | . 784 50 21 Cannons . | . . . . Explosions . | . . . . Melee . | . . . . Ramming 3 | . 3 . . Kinetic 855 | . 784 50 21 Thermal . | . . . . Explosive . | . . . . Electromagnetic . | . . . . Impact . | . . . . Slashing . | . . . . Piercing . | . . . . Highest Corruption 9 | . . . 9 Average Corruption 9 | . . . 9 Corruption Purged . | . . . . Corruption Blocked . | . . . . Overload Shots . | . . . . Overflow Damage . | . . . . Projectiles . | . . . . Explosions . | . . . . Melee . | . . . . Knockbacks . | . . . . Impact . | . . . . Kinetic . | . . . . Secondary . | . . . . Self-Inflicted Damage . | . . . . Shots . | . . . . Rammed 2 | . 2 . . Targets Rammed 2 | . 2 . . Kicked . | . . . . Crushed . | . . . . Highest Temperature 26 | . 26 17 4 Average Temperature 8 | . 8 10 2 Received Heat Transfer 261 | . 225 36 . Siege Activations . | . . . . Robots Corrupted . | . . . . Combat Hostiles . | . . . . Parts Fried . | . . . . Impact Corruptions . | . . . . Robots Melted . | . . . . Combat Hostiles . | . . . . Parts Melted . | . . . . Heat Transferred . | . . . . Parts Sabotaged . | . . . . Parts Stolen . | . . . . Parts Stripped . | . . . . Power Chain Reactions . | . . . . Alert | -11 -10 -10 -10 ------- Run | Yrd Mat Min Exi Peak Influence 244 | . 244 55 . Initial 2 | . . 2 . Average 61 | . 71 32 . Maximum Alert Level 1 | . 1 . . Low Security (%) 95 | 100 94 100 . Level 1 4 | . 5 . . Level 2 . | . . . . Level 3 . | . . . . Level 4 . | . . . . Level 5 . | . . . . High Security . | . . . . Max Security . | . . . . Squads Dispatched 3 | . 3 . . Investigation 2 | . 2 . . Extermination . | . . . . Reinforcement 1 | . 1 . . Assault . | . . . . Garrison . | . . . . Intercept . | . . . . Searches Triggered . | . . . . Construction Impeded . | . . . . Haulers Reinforced . | . . . . Active Scanning Responses . | . . . . Cargo Convoy Interrupts . | . . . . Stealth | -11 -10 -10 -10 --------- Run | Yrd Mat Min Exi Distress Signals . | . . . . Communications Jammed . | . . . . Distress Signals . | . . . . Times Spotted 32 | . 23 2 7 Peak Tracking Total 9 | . 5 2 9 Tactical Retreats . | . . . . Traps | -11 -10 -10 -10 ------- Run | Yrd Mat Min Exi Traps Triggered . | . . . . Indirectly . | . . . . Trap Hack Attempts . | . . . . Triggered . | . . . . Disarmed . | . . . . Reprogrammed . | . . . . Reused . | . . . . Traps Extracted . | . . . . Installed . | . . . . Triggered . | . . . . Machines | -11 -10 -10 -10 ---------- Run | Yrd Mat Min Exi Machines Disabled . | . . . . Max in Single Turn . | . . . . Machines Repaired . | . . . . Machines Dismantled . | . . . . Machines Sabotaged . | . . . . Overloaded Fab Kills . | . . . . Hacking | -11 -10 -10 -10 --------- Run | Yrd Mat Min Exi Machines Accessed 8 | . 8 . . Terminals 7 | . 7 . . Fabricators . | . . . . Repair Stations . | . . . . Recycling Units 1 | . 1 . . Scanalyzers . | . . . . Garrison Access . | . . . . Total Hacks 26 | . 26 . . Successful 14 | . 14 . . Failed 11 | . 11 . . Catastrophic 1 | . 1 . . Database Lockouts 1 | . 1 . . Manual 27 | . 27 . . Terminals 25 | . 25 . . Fabricators . | . . . . Repair Stations . | . . . . Recycling Units 1 | . 1 . . Scanalyzers . | . . . . Garrison Access . | . . . . Terminal Hacks 8 | . 8 . . Robot Analysis 3 | . 3 . . Prototype ID Bank 2 | . 2 . . Terminal Index 1 | . 1 . . Alert Level 1 | . 1 . . Unreport Threat 1 | . 1 . . Fabricator Hacks . | . . . . Repair Station Hacks . | . . . . Recycling Unit Hacks 1 | . 1 . . Report Inventory 1 | . 1 . . Scanalyzer . | . . . . Garrison Access Hacks . | . . . . Unauthorized Hacks 5 | . 5 . . Terminals 5 | . 5 . . Botnet 5 | . 5 . . Fabricators . | . . . . Repair Stations . | . . . . Recycling Units . | . . . . Scanalyzers . | . . . . Garrison Access . | . . . . Data Cores Recovered . | . . . . Used . | . . . . Hacking Detections 6 | . 6 . . Full Trace Events 3 | . 3 . . Feedback Events . | . . . . Feedback Blocked . | . . . . Robot Schematics Acquired . | . . . . Robots Built . | . . . . Authchips . | . . . . Time . | . . . . Total Robot Build Rating . | . . . . Part Schematics Acquired . | . . . . Parts Built . | . . . . Authchips . | . . . . Time . | . . . . Total Part Build Rating . | . . . . Parts Repaired . | . . . . Time . | . . . . Parts Recycled . | . . . . Recycled Matter . | . . . . Retrieved Matter . | . . . . Retrieved Components . | . . . . Parts Scanalyzed . | . . . . Part Schematics Acquired . | . . . . Parts Damaged . | . . . . Bothacking | -11 -10 -10 -10 ------------ Run | Yrd Mat Min Exi Used RIF Installer . | . . . . Robots Hacked . | . . . . Non-combat . | . . . . Combat . | . . . . Robot Hacks Applied . | . . . . Relay Couplers Released . | . . . . Fabnet Peak Effective % . | . . . . Robots Rewired . | . . . . Allies Hacked . | . . . . Hacks Repelled . | . . . . Allies | -11 -10 -10 -10 -------- Run | Yrd Mat Min Exi Total Allies 1 | . . 1 . Largest Group 1 | . . 1 1 Highest-Rated Group 31 | . . 31 31 Highest-Rated Ally 31 | . . 31 31 Total Orders . | . . . . Ally Attacks 7 | . . 7 . Total Damage 124 | . . 124 . Kills 2 | . . 2 . Allies Corrupted . | . . . . Allies Melted . | . . . . Intel | -11 -10 -10 -10 ------- Run | Yrd Mat Min Exi Robot Analysis Total 3 | . 3 . . Derelict Logs Recovered 1 | . . 1 . Drone Launches . | . . . . Drone Recoveries . | . . . . Exploration | -11 -10 -10 -10 ------------- Run | Yrd Mat Min Exi Turns Passed 1670 | 82 1263 250 75 Spaces Moved 1071 | 65 766 182 58 Core 4 | 4 . . . Treads 396 | 19 377 . . Legs . | . . . . Wheels 671 | 42 389 182 58 Hover . | . . . . Flight . | . . . . Fastest Speed 50 | 50 80 115 115 Average Speed 126 | 108 132 115 115 Slowest Speed 200 | 200 160 115 115 Overloaded Moves . | . . . . Propulsion Burnouts . | . . . . Robots Hopped . | . . . . Cave-ins Triggered . | . . . . Exploration Rate (%) 42 | 5 91 50 22 Regions Visited 3 Branch Regions 2 Pre-discovered Areas . | . . . . Known Exits Taken . | . . . . Unknown Exits Taken 3 | 1 1 1 . Scrap Searched . | . . . . Spaces Dug . | . . . . Terrain Destroyed . | . . . . Melee . | . . . . Projectile . | . . . . AOE . | . . . . Terrain Rammed . | . . . . Walls Destroyed . | . . . . Machines Disabled . | . . . . Actions | -11 -10 -10 -10 --------- Run | Yrd Mat Min Exi Total 1253 | 74 899 218 62 Wait 69 | . 44 25 . Move 1068 | 64 765 181 58 Hop . | . . . . Pick Up 4 | . 3 1 . Fast Attach 14 | 8 4 2 . Attach 3 | . 1 1 1 Detach 6 | 2 3 1 . Swap 5 | . 4 . 1 Drop 4 | . 1 3 . Fire 78 | . 72 4 2 Melee . | . . . . Ram . | . . . . Kick . | . . . . Crush 2 | . 2 . . Escape Stasis . | . . . . Rewire . | . . . . Trap . | . . . . Miscellaneous . | . . . . Route ------- -11/Scrapyard -10/Materials (discovered 5 exits: [*Mat x3] / [*Min x2]) -10/Mines -10/Exiles (discovered 1 exit: [*Min]) History --------- Turn | Location | Event 16 | -11/Scrapyard | Discovered new exit (range 15) 83 | -11/Scrapyard | Entered Materials 306 | -10/Materials | Build established: Mutant 333 | -10/Materials | Discovered new exit (range 16) 536 | -10/Materials | Discovered new exit (range 13) 676 | -10/Materials | Discovered new exit (range 18) 973 | -10/Materials | Discovered new exit (range 14) 1049 | -10/Materials | Central database locked down 1092 | -10/Materials | Discovered new exit (range 10) 1346 | -10/Materials | Entered Mines 1349 | -10/Mines | Received a Mining Laser from a helpful Derelict 1352 | -10/Mines | Found a damaged Exp. Sensor Array with a note attached 1354 | -10/Mines | Met a Derelict bent on vengeance 1355 | -10/Mines | Found Prototype Device 1355 | -10/Mines | Identified Exp. Sensor Array 1430 | -10/Mines | Learned Materials terminal intel 1443 | -10/Mines | Core integrity fell below 50% 1590 | -10/Mines | Deemed a non-threat by the Exiles lab entrance 1591 | -10/Mines | Discovered new exit (range 5) 1596 | -10/Mines | Entered Exiles 1596 | -10/Exiles | Accompanied by 1 ally 1611 | -10/Exiles | Discovered new exit (range 15) 1624 | -10/Exiles | Met 8R-AWN 1645 | -10/Exiles | Met EX-HEX 1663 | -10/Exiles | Attacked by the Exiles 1670 | -10/Exiles | Core integrity fell below 20% 1671 | -10/Exiles | Destroyed by as-60662 with Assembled Heavy Rifle Last Messages --------------- evolution. I'd love to just go ask the Imprinter what all this is about, she must know something, but I doubt that would end well. The Zionites will tell you those Marauders at the gates are defenses set up by Warlord... Nope, the Imprinter put them there mostly to keep us out! Anyway, I've got to get back to poking and prodding these nasty little guys. Go see BIN. I can't imagine you'll want to stay in our boring little cave for long, and we could use some help with the project in the back. 01663_ EXILES: Hostile robot within lab perimeter. Defensive protocols time, folks! 01664_ Knocked back. 01665_ Lgt. Treads destroyed. 01669_ Lgt. Nuclear Core destroyed. 01669_ System corrupted by crushing effect (+5). 01669_ System corrupted by crushing effect (+4). 01669_ Penetrated by HV Slug. 01669_ Com. Wheel destroyed. 01669_ Penetrated by HV Slug. Map ----- +----------------------------------------------------+ | ?????????????????????????????????????????????????? | | ?????????????????????????????????????????????????? | | ?????????????????????????????????????????????????? | | ?????????????????????????????????????????????????? | | ?????????????????????????????????????????????????? | | ?????????????????????????????????????????????????? | | ?????????????????????????????????????????????????? | | ???????????????????????####??????????????????????? | | ??????????????????###??####?####?????????????????? | | ??????????????????##"??""""""###?????????????????? | | ????????????????? " ?"" """"##?????????????????? | | ????????????????? "" " ##????????????????? | | ???????????????? " """##???????????#####? | | ???????????????? "a"###?????????######? | | ?????????????? " "#####??????##" ##? | | ?????????????? ""####?????##" ### | | ?????????????? """##???####" ### | | ?????????????? "###??### ## | | ???????????????"" ###### | | ????????????????"" ##### | | ???????????????"""" ### | | ???????????####"" ## | | ???????????###"""" #### | | ???????????""" ""###"""" | | ???????????" c #"""######## | | ?????????? @a ########????? | | ?????????? aaaa ########?????? | | ?????????? " ####??????????? | | ??????????? "" """a ""###???????????? | | ?????????????""" " " ""#" a "###????????????? | | ?????????????####""" """##"""""""####????????????? | | ?????????????######""""#############?????????????? | | ???????????????######?#############??????????????? | | ?????????????????####????????????????????????????? | | ?????????????????????????????????????????????????? | | ?????????????????????????????????????????????????? | | ?????????????????????????????????????????????????? | | ?????????????????????????????????????????????????? | | ?????????????????????????????????????????????????? | | ?????????????????????????????????????????????????? | | ?????????????????????????????????????????????????? | | ?????????????????????????????????????????????????? | | ?????????????????????????????????????????????????? | | ?????????????????????????????????????????????????? | | ?????????????????????????????????????????????????? | | ?????????????????????????????????????????????????? | | ?????????????????????????????????????????????????? | | ?????????????????????????????????????????????????? | | ?????????????????????????????????????????????????? | | ?????????????????????????????????????????????????? | +----------------------------------------------------+ Best States ------------- Heat Dissipation 39 Energy Generation 14 Energy Capacity 160 Matter Stores 300 Matter Capacity 300 Sight Range 18 Robot Scan Range 20 Terrain Scan Density 10 Evasion (%) 44 Recoil Reduction 2 Item Schematics ----------------- None Robot Schematics ------------------ None Fabricated ------------ Nothing Alien Tech Used ----------------- None Achievements -------------- None Challenges ------------ None Game ------ Seed AuthchipImprovedFirepult Manual? 0 Play Time 00:14:22 Cumulative 41.4 hours Start 2024.04.13 @ 16:44:59 End 2024.04.13 @ 17:51:25 Sessions 2 Manual Loads 0 Difficulty Rogue Special Mode None Game No. 48 Rogue 42 Adventurer 6 Explorer 0 Win Type - Total 0 Types 0/0/0/0/0/0/0/0/0 Lore% 22 Gallery% 37 Achievement% 30 Wizard Run 0 Options --------- Layout 0 ASCII 0 Keyboard 1 Movement Numpad Keybinds 0 Fullscreen 0 Font 12/Smallcaps Map View 76x50 Zoom Use 0% Tactical HUD 1 Map Filters NONE Filters NONE Steam 1 RUN: 666f5bab-e5ac-4c1f-ac39-b740470fd935